AoeStats
← Nessy

Four Lakes

507928814Analyzed
1v1 RM · 13d ago on Sep 20, 2026· 45m 14s· 2 players
Game mode
Random Map
Map size
Tiny (2 player)
Population
200
Speed
Normal
Resources
Standard
Victory
Conquest
Starting age
Dark Age
Ending age
Imperial Age
RankedLock teamsTeams togetherTeam positionsShared explorationLock speedFull tech treeHidden civsTurbo modeCheats
Victory
Defeat
🇦🇺 Persians · Australia
1355
+14
🇬🇧 Maya · United Kingdom
1320
-14
Noklevann
0:26 Loom
9:15 Feudal Age
10:05 Double-Bit Axe
21:09 Castle Age
19:43 Scale Mail Armor
19:56 Forging
20:01 Gold Mining
20:09 Horse Collar
21:15 Eagle Warrior
22:13 Padded Archer Armor
22:31 Chain Mail Armor
22:51 Iron Casting
23:01 Wheelbarrow
22:13 Pikeman
24:41 Squires
24:27 Arson
26:40 Hand Cart
26:13 Town Watch
28:44 Stone Mining
29:01 Heavy Plow
31:15 Fishing Lines
32:28 Iron Casting
31:45 Fletching
36:08 Imperial Age
35:00 Hand Cart
34:58 Bow Saw
35:53 Fletching
36:15 Halberdier
37:52 Conscription
37:51 Thumb Ring
38:10 Elite Eagle Warrior
39:16 Elite Skirmisher
39:59 Hul'che Javelineers
40:03 Padded Archer Armor
40:38 Bodkin Arrow
41:52 Leather Archer Armor
41:37 Bracer
42:49 Leather Archer Armor
43:34 Blast Furnace
45:07 Ring Archer Armor
45:08 Plate Mail Armor
Nessy
6:44 Loom
9:01 Feudal Age
9:30 Double-Bit Axe
20:16 Castle Age
18:28 Fletching
18:34 Fishing Lines
19:25 Scale Barding Armor
19:31 Forging
20:55 Bloodlines
21:08 Chain Barding Armor
20:36 Horse Collar
21:18 Crossbowman
23:31 Iron Casting
28:18 Bodkin Arrow
30:27 Husbandry
31:05 Bow Saw
31:50 Wheelbarrow
35:17 Imperial Age
33:56 Hand Cart
34:26 Padded Archer Armor
36:44 Chemistry
36:26 Chain Barding Armor
37:16 Leather Archer Armor
36:30 Cavalier
40:45 Plate Barding Armor
41:06 Light Cavalry
43:01 Hussar
45:09 Conscription
Connection lost

Rejoining the realm…

Still unreachable

The connection could not be restored.

Session expired

The server has moved on; the page needs a fresh start.